 Dungeon Crawl Stone Soup version 0.30-a0-1008-g30c9307041 (webtiles) character file.

Game seed: 12958314426308570681

24732 bearlyready the Severer (level 12, -5/160 HPs)
             Began as an Armataur Berserker on Apr 5, 2023.
             Was a High Priest of Trog.
             Slain by a troll (6 damage)
             ... on level 12 of the Dungeon.
             The game lasted 00:17:09 (10361 turns).

bearlyready the Severer (Armataur Berserker)       Turns: 10361, Time: 00:17:09

Health: -5/160     AC: 30    Str: 27    XL:     12   Next: 83%
Magic:  12/12      EV:  1    Int:  8    God:    Trog [*****.]
Gold:   961        SH:  0    Dex: 10    Spells: 11/11 levels left

rFire   + . .      SeeInvis .    P - +2 broad axe
rCold   . . .      Faith    .    (no shield)
rNeg    . . .      Spirit   .    U - melded +3 leather armour of Dodaj {Will+}
rPois   +          Reflect  .    f - melded +2 hat
rElec   +          Roll     +    n - melded +0 cloak
rCorr   .          NoTele   +    b - melded +0 pair of gloves
Will    .....                    (no barding)
Stlth   +                        F - amulet "Enugg" {RegenMP -Tele rElec rPois Regen+}
HPRegen 1.26/turn                o - ring of protection from fire
MPRegen 0.53/turn                q - +4 ring of protection

@: tree-form, on berserk cooldown, hasted and slowed
A: stationary, stasis, torment immunity, boosted hp, large, rugged brown scales
3, (deformed body), (armoured tail), roll, long tongue, awkward tongue
a: Renounce Religion, Berserk, Trog's Hand, Brothers in Arms


You were on level 12 of the Dungeon.
You worshipped Trog.
Trog was extremely pleased with you.
You were a tree.
You visited 1 branch of the dungeon, and saw 13 of its levels.
You also visited: Bailey.

You collected 961 gold pieces.

Inventory:

Hand Weapons
 O - the +4 battleaxe "Bouhosest" {heavy, Dex+4}
   (Trog gifted it to you on level 9 of the Dungeon)

   Dex:       It affects your dexterity (+4).
 P - a +2 broad axe (weapon)
Missiles
 g - 41 poisoned darts (quivered)
 r - 3 silver boomerangs
 x - 9 boomerangs
 V - 6 javelins
Armour
 b - a +0 pair of gloves (melded)
 f - a +2 hat (melded)
 i - a +0 helmet
 n - a +0 cloak (melded)
 Q - +0 steam dragon scales
 U - the +3 leather armour of Dodaj (melded) {Will+}
   (You found it on level 9 of the Dungeon)

   Will:      It increases your willpower.
 Y - +0 acid dragon scales
Jewellery
 o - a ring of protection from fire (left branch)
 q - a +4 ring of protection (right branch)
 s - a ring of resist corrosion
 D - a ring of flight
 F - the amulet "Enugg" (around neck) {RegenMP -Tele rElec rPois Regen+}
   (You found it on level 6 of the Dungeon)

   [amulet of magic regeneration]

   It increases your rate of magic regeneration.
   rElec:     It insulates you from electricity.
   rPois:     It protects you from poison.
   -Tele:     It prevents most forms of teleportation.
   Regen:     It increases your rate of health regeneration.
 H - an amulet of the acrobat
 T - a ring of poison resistance
Wands
 t - a wand of polymorph (10)
 S - a wand of flame (11)
Scrolls
 c - 2 scrolls of noise {unknown}
 d - 2 scrolls of blinking
 j - 2 scrolls of fear
 l - a scroll of silence
 p - a scroll of enchant weapon
 u - 2 scrolls of immolation
 y - 3 scrolls of poison
 z - 4 scrolls of teleportation
 A - 2 scrolls of magic mapping
 C - 5 scrolls of enchant armour
 E - 2 scrolls of fog
 I - 2 scrolls of acquirement
 M - a scroll of brand weapon {unknown}
 R - a scroll of amnesia {unknown}
 X - a scroll of summoning {unknown}
Potions
 e - 2 potions of brilliance
 h - 8 potions of attraction
 k - 2 potions of lignification
 m - a potion of flight {unknown}
 v - 2 potions of mutation
 B - 3 potions of invisibility
 K - 2 potions of magic
 L - 4 potions of might
 N - a potion of cancellation {unknown}
Miscellaneous
 Z - a tin of tremorstones (inert)


   Skills:
 + Level 7.2 Fighting
 + Level 15.0 Axes
 - Level 6.0 Throwing
 + Level 4.5 Armour
 - Level 1.3 Dodging
 + Level 6.9 Evocations


You had 11 spell levels left.
You didn't know any spells.
Your spell library was empty.

Dungeon Overview and Level Annotations

Branches:
Dungeon (13/15)            Temple (0/1) D:5            Lair (0/5) D:10
    Orc (0/2) D:12         Bailey (visited)
 Vaults: D:13-14

Altars:
Fedhas
Kikubaaqudgha
Makhleb
Okawaru
Ru
Vehumet
Yredelemnul

Shops:
D:4 *

Annotations:
D:8 exclusions: oklob plant and oklob sapling


Innate Abilities, Weirdness & Mutations

You are a tree.
Your roots penetrate the ground, keeping you stationary.
You cannot be teleported.
You are immune to unholy pain and torment.
Your maximum health is greatly increased.
Your equipment is partially melded.
(You are completely covered in rugged brown scales. (AC +3, +7% HP))
((Armour fits poorly on your strangely shaped body.))
((You have a long armoured tail.))
You roll when moving toward enemies. (Rampage)
Your long tongue fully drains potion bottles. (2x potion effects)
Your tongue gives you trouble enunciating. (1.5x scroll delay)


Message History

You roll towards the troll!
Found a whip.
The centaur shoots an arrow.
The arrow hits you.
The centaur shoots an arrow.
The arrow hits you! The troll closely misses you. The troll claws you.
The troll claws you but does no damage.
The centaur shoots an arrow.
The arrow hits you!
Items here: ( ) [[ †.
The troll bites you. The troll claws you!
* * * LOW HITPOINT WARNING * * *
The troll closely misses you. The troll bites you but does no damage.
The troll barely misses you. The troll claws you.
* * * LOW HITPOINT WARNING * * *
Okay, then.
You are too injured to fight recklessly!
It was a potion of haste.
You feel yourself speed up.
You slurp down every last drop of the potion of haste!
The troll bites you.
* * * LOW HITPOINT WARNING * * *
The troll closely misses you. The troll claws you.
* * * LOW HITPOINT WARNING * * *
Really quaff the potion of lignification?
You turn into a tree.
Your +0 cloak melds into your body.
Your +2 hat melds into your body.
Your +0 pair of gloves melds into your body.
The +3 leather armour of Dodaj {Will+} melds into your body.
Your roots penetrate the ground.
You slurp down every last drop of the potion of lignification!
The troll bites you!
* * * LOW HITPOINT WARNING * * *
The troll claws you.
* * * LOW HITPOINT WARNING * * *
The troll claws you but does no damage.
You hit the troll but do no damage. The troll bites you but does no damage.
The troll claws you but does no damage. x2
You slice the troll!!
The troll is heavily wounded.
The troll bites you!
* * * LOW HITPOINT WARNING * * *
The troll claws you but does no damage. The troll claws you.
You die...

## .. .# # .# cc
##### .# #.# #.♣.#
###.#c...
####.#T###!...#.#.#
.......cc.>..cc.....
#####.#c#††.#.#.#.#.
#.#)#..##...
#.#.#....#.#.#
#.#....#.... ..
#.#)....#.#.# #l
#))..#...[.


You could see a troll and 3 centaurs.

Vanquished Creatures
  An orc warlord (Bailey)
  Erica (D:10)
  A centaur warrior (D:13)
  A cyclops (D:11)
  A manticore (D:12)
  Joseph (D:7)
  2 gargoyles
  An unseen horror (D:12)
  3 trolls
  Prince Ribbit (D:7)
  A hornet (D:9)
  Grinder (D:6)
  A shadow (D:11)
  A water elemental (D:12)
  4 wyverns
  4 yaks (D:9)
  2 steam dragons (D:9)
  4 vampire mosquitoes (D:12)
  Menkaure (D:7)
  4 acid dragons
  16 orc warriors
  An ice beast (D:5)
  A black bear (D:7)
  A centaur (D:9)
  A phantom (D:6)
  Blork the orc (D:5)
  3 gnoll sergeants
  4 kobold brigands
  2 bullfrogs
  2 scorpions
  4 wights (D:8)
  6 killer bees (D:10)
  5 howler monkeys
  7 electric eels
  3 hounds
  A jelly (D:8)
  Crazy Yiuf (D:2)
  9 orc priests
  A sleepcap (D:5)
  Ijyb (D:4)
  2 iguanas
  21 orc wizards
  Robin (D:2)
  10 adders
  19 gnolls
  3 white imps (D:7)
  2 worms
  A dart slug (D:4)
  86 orcs
  4 bats
  5 endoplasms
  4 giant cockroaches
  30 goblins
  16 hobgoblins
  8 jackals
  21 kobolds
  3 quokkas
  10 ball pythons
  2 frilled lizards
  10 rats
364 creatures vanquished.

Vanquished Creatures (others)
  51 plants
51 creatures vanquished.

Grand Total: 415 creatures vanquished

Notes
Turn   | Place    | Note
-------+----------+-------------------------------------------
     0 | D:1      | bearlyready the Armataur Berserker began the quest for the
                  | Orb.
     0 | D:1      | Reached XP level 1. HP: 19/19 MP: 1/1
   122 | D:1      | Reached XP level 2. HP: 23/26 MP: 2/2
   142 | D:1      | Reached skill level 3 in Axes
   327 | D:1      | Found a faded altar of an unknown god.
   348 | D:1      | Reached ** piety under Trog
   385 | D:1      | Reached XP level 3. HP: 32/32 MP: 3/3
   762 | D:2      | Noticed Robin
   775 | D:2      | Killed Robin
   813 | D:2      | Reached skill level 4 in Axes
   834 | D:2      | Reached XP level 4. HP: 32/39 MP: 4/4
  1155 | D:2      | Found a runed translucent door.
  1156 | D:2      | Noticed Crazy Yiuf
  1581 | D:2      | Killed Crazy Yiuf
  1733 | D:3      | Found a basalt altar of Yredelemnul.
  2108 | D:3      | Reached XP level 5. HP: 43/43 MP: 5/5
  2219 | D:3      | Reached *** piety under Trog
  2229 | D:3      | Reached skill level 5 in Axes
  2929 | D:4      | Reached XP level 6. HP: 26/53 MP: 6/6
  3227 | D:4      | Reached skill level 6 in Axes
  3254 | D:4      | Noticed Ijyb
  3273 | D:4      | Killed Ijyb
  3323 | D:4      | Found Ingetula's Overcharged Wands.
  3592 | D:4      | Reached XP level 7. HP: 37/59 MP: 7/7
  4029 | D:5      | Entered Level 5 of the Dungeon
  4114 | D:5      | Reached skill level 7 in Axes
  4232 | D:5      | Found a radiant altar of Vehumet.
  4275 | D:5      | Reached **** piety under Trog
  4317 | D:5      | Noticed Blork the orc
  4328 | D:5      | Killed Blork the orc
  4366 | D:5      | Found a staircase to the Ecumenical Temple.
  4550 | D:5      | Reached skill level 8 in Axes
  4806 | D:6      | Reached XP level 8. HP: 63/66 MP: 8/8
  4846 | D:6      | Noticed Grinder
  4853 | D:6      | Paralysed by Grinder for 3 turns
  4861 | D:6      | Killed Grinder
  5224 | D:6      | Identified the amulet "Enugg" {RegenMP -Tele rElec rPois
                  | Regen+}
  5241 | D:6      | Found a sacrificial altar of Ru.
  5270 | D:6      | Found an iron altar of Okawaru.
  5377 | D:7      | Noticed Menkaure
  5382 | D:7      | Killed Menkaure
  5383 | D:7      | Reached skill level 9 in Axes
  5440 | D:7      | Noticed Joseph
  5459 | D:7      | Killed Joseph
  5468 | D:7      | Reached skill level 10 in Axes
  5694 | D:7      | Found a flagged portal.
  5701 | Bailey   | Entered a bailey
  5733 | Bailey   | Reached XP level 9. HP: 70/72 MP: 9/9
  5832 | Bailey   | Reached ***** piety under Trog
  5840 | Bailey   | Reached skill level 11 in Axes
  6029 | Bailey   | Noticed an orc warlord
  6093 | Bailey   | Killed an orc warlord
  6094 | Bailey   | Reached skill level 12 in Axes
  6167 | Bailey   | Reached XP level 10. HP: 47/75 MP: 10/10
  6186 | Bailey   | Reached skill level 13 in Axes
  6186 | Bailey   | Reached skill level 5 in Throwing
  6186 | Bailey   | Reached XP level 11. HP: 64/96 MP: 11/11
  6186 | Bailey   | Reached XP level 12. HP: 68/102 MP: 12/12
  6219 | D:7      | Noticed Prince Ribbit
  6224 | D:7      | Killed Prince Ribbit
  6765 | D:8      | Found a burning altar of Makhleb.
  7412 | D:9      | Identified the +4 battleaxe "Bouhosest" {heavy, Dex+4}
                  | (Trog gifted it to you on level 9 of the Dungeon)
  7412 | D:9      | Received a gift from Trog
  7559 | D:9      | Reached skill level 14 in Axes
  7828 | D:9      | Identified the +3 leather armour of Dodaj {Will+}
  8145 | D:10     | Entered Level 10 of the Dungeon
  8145 | D:10     | Found a staircase to the Lair.
  8183 | D:10     | Found a blossoming altar of Fedhas.
  8252 | D:10     | Found an ancient bone altar of Kikubaaqudgha.
  8536 | D:10     | Identified the +3 sling of Dithmenos's Scorn {freeze, rN+
                  | Str+3}
  8946 | D:10     | Noticed Erica
  8954 | D:10     | Killed Erica
 10015 | D:12     | Identified the +10 short sword "Topa" {flame, rPois rN+}
                  | (Trog gifted it to you on level 12 of the Dungeon)
 10015 | D:12     | Received a gift from Trog
 10050 | D:12     | Found a staircase to the Orcish Mines.
 10304 | D:13     | Identified 2 scrolls of acquirement
 10309 | D:13     | Noticed a centaur warrior
 10322 | D:13     | Killed a centaur warrior
 10348 | D:12     | Reached skill level 15 in Axes
 10361 | D:12     | HP: 1/160 [troll (12)]
 10361 | D:12     | Slain by a troll

Illustrated notes

Levels and vault maps discovered:
D:1:      matt_arrival_spirals, layout_loops_ring, basic_ecumenical_altar,
          ebering_dispersal_statue_hall, minivault_4, minmay_heptomino_d4
D:2:      layout_basic, serial_bayou, serial_bayou_lake_a, serial_bayou_shore_a,
          serial_bayou_ford_a, serial_bayou_pond_e, uniq_crazy_yiuf_cottage,
          uniq_robin
D:3:      layout_loops_corners, overflow_temple_1_default, serial_bayou,
          serial_bayou_lagoon_a, serial_bayou_shore_b, serial_bayou_pond_b,
          serial_bayou_pond_d
D:4:      layout_basic, nicolae_shop_overcharged_wands, uniq_ijyb
D:5:      layout_rooms, marbit_many_paths, minmay_temple_entry_arrows,
          nicolae_zen_rock_garden, uniq_blork_the_orc
D:6:      layout_layer_cave, mainiacjoe_overflow_two_lobes, uniq_grinder
D:7:      layout_basic, enter_bailey_1, uniq_prince_ribbit1, uniq_menkaure,
          uniq_joseph
D:8:      layout_loops_ring, mainiacjoe_overflow_cross_hatched,
          introduction_to_nature_2
D:9:      cheibrodos_steamvent, layout_long_grid, nicolae_elevator_lobby_plus
D:10:     layout_basic, kiku_gazebo_pond_becter, fedhas_altar_1,
          lair_entry_dummy, lemuel_flamethrower_1, uniq_erica
D:11:     layout_basic, nrook_loot_triangle
D:12:     layout_basic, hiddenorc2_lemuel, serial_bayou, serial_bayou_pond_a,
          serial_bayou_pond_d, serial_bayou_crossing, serial_bayou_pond_c,
          hex_large
D:13:     layout_loops_ring

Skill      XL: |  1  2  3  4  5  6  7  8  9 10 11 12 |
---------------+-------------------------------------+-----
Axes           | 3 4 5 6 8 10 12 13 15 | 15.0
Fighting       | 6 7 |  7.2
Throwing       | 5 6 |  6.0
Evocations     | 6 |  6.9
Armour         | 4 |  4.5
Dodging        | |  1.3

Action                     |  1- 3 |  4- 6 |  7- 9 | 10-12 || total
---------------------------+-------+-------+-------+-------++-------
  Melee: Hand axe          |    84 |   231 |   213 |       ||   528
         Tailslap          |     9 |    22 |    51 |    63 ||   145
         Punch             |     2 |     2 |     2 |     4 ||    10
         War axe           |       |       |    39 |       ||    39
         Broad axe         |       |       |    31 |   381 ||   412
  Throw: Dart              |       |       |     4 |       ||     4
 Invoke: Berserk           |     1 |     3 |     7 |     5 ||    16
  Evoke: Wand              |       |       |     7 |     9 ||    16
         Tin of tremorston |       |       |       |     2 ||     2
    Use: Scroll            |       |       |    12 |     7 ||    19
         Potion            |       |       |     2 |     5 ||     7
   Stab: Invisible         |       |       |     2 |       ||     2
         Sleeping          |       |       |       |     1 ||     1
 Armour: Animal skin       |    12 |       |       |       ||    12
         Scale mail        |    29 |   122 |   119 |    78 ||   348
         Skin              |       |       |    12 |     5 ||    17
         Steam dragon scal |       |       |       |    61 ||    61
         Leather armour    |       |       |       |    59 ||    59
  Dodge: Dodged            |    52 |    65 |    78 |   138 ||   333

Table legend: (Time is in decaauts)
 A = Elapsed time spent in this place.
 B = Non-inter-level travel time spent in this place.
 C = Inter-level travel time spent in this place.
 D = Time resting spent in this place.
 E = Time spent auto-exploring this place.
 F = Levels seen in this place.
 G = Mean time per level.
                   A        B        C        D        E       F      G
               +--------+--------+--------+--------+--------+-----+--------+
         Total |  10451 |  10066 |    385 |    160 |   7608 |  14 |  746.5 |
       Dungeon |   9926 |   9541 |    385 |     84 |   7427 |  13 |  763.5 |
        Bailey |    524 |    524 |      0 |     75 |    181 |   1 |  524.0 |
               +--------+--------+--------+--------+--------+-----+--------+

Top non-repeatable levels by time:
     D:3: 1221 daAuts
     D:4: 1156 daAuts
     D:2: 974 daAuts
    D:10: 874 daAuts
     D:9: 786 daAuts
     D:8: 759 daAuts
     D:1: 749 daAuts
    D:11: 737 daAuts
     D:7: 723 daAuts
     D:5: 712 daAuts
     D:6: 612 daAuts
  Bailey: 524 daAuts
    D:12: 502 daAuts
    D:13: 114 daAuts
